[Event "41st Amateur D7"]
[Site "ChessGUI4"]
[Date "2013.07.03"]
[Round "1.1"]
[White "Waxman 2011"]
[Black "Carballo 0.8"]
[Result "1-0"]
[BlackElo "2273"]
[ECO "D12"]
[EventDate "2013.??.??"]
[TimeControl "40/1500:40/1500:40/1500"]
[WhiteElo "2256"]

{ i5 Quad } 1.d4 d5 2.c4 c6 3.Nf3 Nf6 4.e3 Bf5 5.Nc3 e6 6.Bd3 Bxd3 7.Qxd3 Nbd7 8.O-O Bb4 9.Bd2 a5
{ [%eval -38,13] [%emt 0:00:37] (Qe7) } 10.Rfc1
{ [%eval 34,12] [%emt 0:00:41] (cxd5) } 10...O-O
{ [%eval -10,14] [%emt 0:00:36] (O-O) } 11.Rc2
{ [%eval 19,12] [%emt 0:00:43] (a4) } 11...Bxc3
{ [%eval -3,12] [%emt 0:00:35] (Re8) } 12.Bxc3
{ [%eval 30,13] [%emt 0:00: 42] (bxc3) } 12...Ne4
{ [%eval 1,12] [%emt 0:00:34] (Nb6) } 13.cxd5
{ [%eval 22,12] [%emt 0:00:37] (a4) } 13...exd5
{ [%eval 3,14] [%emt 0:00:33] (exd5) } 14.Nd2
{ [%eval 30,13] [%emt 0:00:51] (Nd2) } 14...Re8
{ [%eval 3,12] [%emt 0:00:32] (Nd6) } 15.Nxe4
{ [%eval 21,12] [%emt 0:00:37] (Nxe4) } 15...Rxe4
{ [%eval 5,14] [%emt 0:00:32] (Rxe4) } 16.Rac1
{ [%eval 30,13] [%emt 0:00:50] (a4) } 16...Qg5
{ [%eval 7,13] [%emt 0: 00:31] (Qf6) } 17.Bd2
{ [%eval 32,12] [%emt 0:00:31] (a4) } 17...h5
{ [%eval 5,12] [%emt 0:00:30] (Rg4) } 18.Qb3
{ [%eval 62,13] [%emt 0:00:35] (a4) } 18...Ra7
{ [%eval -2,15] [%emt 0:00:29] (Ra7) } 19.Qd3
{ [%eval 56,13] [%emt 0:01:15] (f3) } 19...Re6
{ [%eval 17,12] [%emt 0:00:29] (Re8) } 20.f3
{ [%eval 39,12] [%emt 0:00:41] (f4) } 20...f5
{ [%eval 18,13] [%emt 0:00:28] (Qf6) } 21.Qb3
{ [%eval 53,12] [%emt 0:00:42] (h4) } 21...a4
{ [%eval 30,13] [%emt 0:00:27] (Qg6) } 22.Qc3
{ [%eval 44,13] [%emt 0: 01:11] (Qb4) } 22...Qe7
{ [%eval 36,14] [%emt 0:00:26] (h4) } 23.b3
{ [%eval 37,12] [%emt 0:00:36] (Qd3) } 23...Nb6
{ [%eval 49,12] [%emt 0:00:26] (h4) } 24.Qd3
{ [%eval 26,13] [%emt 0:00:26] (Re1) } 24...axb3
{ [%eval 45,14] [%emt 0:00:25] (axb3) } 25.axb3
{ [%eval 11,14] [%emt 0:01:00] (axb3) } 25...g6
{ [%eval 47,14] [%emt 0:00:24] (g6) } 26.Rb1
{ [%eval 12,13] [%emt 0:00:30] (Rf1) } 26...Kg7
{ [%eval 48,12] [%emt 0: 00:24] (Ra3) } 27.Rcc1
{ [%eval 21,14] [%emt 0:01:07] (g3) } 27...Ra3
{ [%eval 32,14] [%emt 0:00:23] (Ra3) } 28.Rd1
{ [%eval 25,13] [%emt 0:00:29] (Re1) } 28...Qd6
{ [%eval 29,14] [%emt 0:00:23] (Qf8) } 29.Ra1
{ [%eval 13,14] [%emt 0:01:03] (Ra1) } 29...Re8
{ [%eval 25,14] [%emt 0:00:22] (Re8) } 30.Rxa3
{ [%eval 30,14] [%emt 0:00: 41] (Rxa3) } 30...Qxa3
{ [%eval 19,15] [%emt 0:00:21] (Qxa3) } 31.Qc3
{ [%eval 30,14] [%emt 0:00:47] (Qc3) } 31...Ra8
{ [%eval 22,14] [%emt 0:00:21] (Qe7) } 32.e4
{ [%eval 49,13] [%emt 0:00:32] (e4) } 32...fxe4
{ [%eval -8,14] [%emt 0:00:20] (fxe4) } 33.fxe4
{ [%eval 67,13] [%emt 0:00:41] (fxe4) } 33...dxe4
{ [%eval -8,13] [%emt 0:00:20] (Qd6) } 34.Qe3
{ [%eval 125,14] [%emt 0:01:34] (d5) } 34...Qd6
{ [%eval 25,13] [%emt 0:00:19] (Kg8) } 35.Qh6+
{ [%eval 140,15] [%emt 0:00:33] (Qxe4) } 35...Kf7
{ [%eval -50,14] [%emt 0:00:19] (Kg8) } 36.Qh7+
{ [%eval 166,13] [%emt 0:00:43] (Qh7) } 36...Ke8
{ [%eval -124,14] [%emt 0:00:18] (Ke6) } 37.Bg5
{ [%eval 240,12] [%emt 0:00:33] (Re1) } 37...Ra5
{ [%eval -148,12] [%emt 0:00:18] (Ra5) } 38.Qg8+
{ [%eval 243,13] [%emt 0:00:32] (Qg8) } 38...Kd7
{ [%eval -171,17] [%emt 0:00:17] (Kd7) } 39.Qd8+
{ [%eval 227,14] [%emt 0:00:27] (Qd8) } 39...Ke6
{ [%eval -172,17] [%emt 0:00:17] (Ke6) } 40.Qe8+
{ [%eval 253,13] [%emt 0:00:23] (Qe8) } 40...Kd5
{ [%eval -257,17] [%emt 0:00: 17] (Kd5) } 41.Bf4
{ [%eval 267,14] [%emt 0:00:37] (Bf4) } 41...Qe6
{ [%eval -227,20] [%emt 0:00:54] (Qe6) } 42.Qd8+
{ [%eval 281,14] [%emt 0:00:37] (Qd8) } 42...Qd7
{ [%eval -240,20] [%emt 0:00:52] (Qd7) } 43.Qxb6
{ [%eval 285,14] [%emt 0:00:45] (Qg8) } 43...Rb5
{ [%eval -243,18] [%emt 0:00:51] (Rb5) } 44.Qa7
{ [%eval 310,13] [%emt 0:00:29] (Qc5) } 44...Qg4
{ [%eval -237,13] [%emt 0:00:50] (Ke6) } 45.Rf1
{ [%eval 385,12] [%emt 0:00:50] (Rf1) } 45...Qe2
{ [%eval -317,13] [%emt 0:00:48] (g5) } 46.Qb8
{ [%eval 692,13] [%emt 0:00:31] (Qa3) } 46...Kxd4
{ [%eval -711,14] [%emt 0:00: 47] (Kxd4) } 47.Qd6+
{ [%eval 682,12] [%emt 0:00:35] (Qd6) } 47...Kc3
{ [%eval -736,16] [%emt 0:00:46] (Kc3) } 48.Qf6+
{ [%eval 680,12] [%emt 0:00:32] (Qf6) } 48...Kd3
{ [%eval -750,16] [%emt 0:00:45] (Kd3) } 49.Rc1
{ [%eval 712,13] [%emt 0:00:31] (Rc1) } 49...Rc5
{ [%eval -751,14] [%emt 0:00:44] (e3) } 1-0

[Event "41st Amateur D7"]
[Site "ChessGUI4"]
[Date "2013.07.03"]
[Round "1.2"]
[White "Gibbon 2.57a 64-bit"]
[Black "ProChess 1.02AD"]
[Result "1-0"]
[BlackElo "2244"]
[ECO "E41"]
[EventDate "2013.??.??"]
[TimeControl "40/1500:40/1500:40/1500"]
[WhiteElo "2251"]

{ i5 Quad } 1.d4 Nf6 2.c4 e6 3.Nc3 Bb4 4.e3 c5 5.Bd3 Nc6 6.Nf3 Bxc3+ 7.bxc3 d6 8.O-O e5 9.d5 e4
{ [%eval -25,14] [%emt 0:01:06] (Ne7) } 10.dxc6
{ [%eval 26,16] [%emt 0:01:19] (dxc6) } 10...bxc6
{ [%eval -25,14] [%emt 0:01:06] (bxc6) } 11.Bc2
{ [%eval 21,16] [%emt 0:01:40] (Be2) } 11...exf3
{ [%eval -10,13] [%emt 0:01:40] (exf3) } 12.Qxf3
{ [%eval 20,15] [%emt 0:00:56] (Qxf3) } 12...d5
{ [%eval -15,12] [%emt 0:01:05] (Qc7) } 13.cxd5
{ [%eval 88,13] [%emt 0:00:35] (cxd5) } 13...cxd5
{ [%eval -19,12] [%emt 0:01:21] (Qxd5) } 14.e4
{ [%eval 136,13] [%emt 0:00:53] (e4) } 14...Bg4
{ [%eval -16,11] [%emt 0:00:36] (Bg4) } 15.Qg3
{ [%eval 178,12] [%emt 0:00:21] (Qg3) } 15...dxe4
{ [%eval -36,11] [%emt 0:00:29] (dxe4) } 16.Bg5
{ [%eval 197,13] [%emt 0:00:59] (Bxe4) } 16...h5
{ [%eval -45,12] [%emt 0:00:49] (h5) } 17.Bxe4
{ [%eval 240,13] [%emt 0:00:43] (Bxe4) } 17...Rc8
{ [%eval -59,12] [%emt 0:00:32] (Rb8) } 18.Bb7
{ [%eval 251,13] [%emt 0:00:27] (Rab1) } 18...Rc7
{ [%eval -85,11] [%emt 0:00:26] (Rc7) } 19.Rfe1+
{ [%eval 251,13] [%emt 0:00:34] (Rfb1) } 19...Kf8
{ [%eval -107,13] [%emt 0:01:45] (Kf8) } 20.Rab1
{ [%eval 265,13] [%emt 0:00:32] (Rab1) } 20...Bc8
{ [%eval -116,12] [%emt 0:00:42] (Be6) } 21.Rbd1
{ [%eval 315,13] [%emt 0:00:15] (Red1) } 21...Rd7
{ [%eval -210,14] [%emt 0: 00:21] (Rd7) } 22.Rxd7
{ [%eval 323,13] [%emt 0:00:12] (Rxd7) } 22...Qxd7
{ [%eval -210,15] [%emt 0:00:32] (Qxd7) } 23.Bf3
{ [%eval 314,13] [%emt 0:00:18] (Bxc8) } 23...a6
{ [%eval -170,11] [%emt 0:00:29] (Qf5) } 24.Rd1
{ [%eval 340,13] [%emt 0:00: 25] (Qb8) } 24...Qe6
{ [%eval -161,12] [%emt 0:00:22] (Qe6) } 25.Qc7
{ [%eval 315,12] [%emt 0:00:16] (Qc7) } 25...Ne8
{ [%eval -170,13] [%emt 0:00:42] (Ne8) } 26.Qxc5+
{ [%eval 284,12] [%emt 0:00:29] (Qxc5) } 26...Kg8
{ [%eval -188,13] [%emt 0:00:26] (Kg8) } 27.c4
{ [%eval 261,12] [%emt 0:00:38] (h4) } 27...g6
{ [%eval -181,11] [%emt 0:00: 26] (Bd7) } 28.Bd2
{ [%eval 281,12] [%emt 0:00:13] (Be3) } 28...Ng7
{ [%eval -175,11] [%emt 0:00:15] (Ng7) } 29.Bc3
{ [%eval 273,12] [%emt 0:00:09] (Bc3) } 29...Kh7
{ [%eval -191,12] [%emt 0:00:27] (Kh7) } 30.Re1
{ [%eval 233,13] [%emt 0:00:42] (Re1) } 30...Qf5
{ [%eval -191,12] [%emt 0:00:23] (Qf5) } 31.Qxf5
{ [%eval 276,13] [%emt 0:00:09] (Bd5) } 31...Bxf5
{ [%eval -177,15] [%emt 0:00:32] (Bxf5) } 32.Bd5
{ [%eval 259,14] [%emt 0:00:09] (Bd5) } 32...Be6
{ [%eval -185,14] [%emt 0:00:24] (Rf8) } 33.Bxe6
{ [%eval 423,16] [%emt 0:00:09] (Bxe6) } 33...fxe6
{ [%eval -175,15] [%emt 0: 00:19] (fxe6) } 34.Bxg7
{ [%eval 412,16] [%emt 0:00:03] (Bxg7) } 34...Kxg7
{ [%eval -186,17] [%emt 0:00:18] (Kxg7) } 35.Rxe6
{ [%eval 372,17] [%emt 0:00:11] (Rxe6) } 35...a5
{ [%eval -185,16] [%emt 0:02:29] (Rb8) } 36.Ra6
{ [%eval 379,16] [%emt 0:00: 10] (g3) } 36...Rc8
{ [%eval -175,16] [%emt 0:00:11] (Rb8) } 37.Kf1
{ [%eval 360,17] [%emt 0:00:16] (Rxa5) } 37...Rxc4
{ [%eval -173,17] [%emt 0:00:18] (Rxc4) } 38.Rxa5
{ [%eval 390,16] [%emt 0:00:09] (Rxa5) } 38...Rc2
{ [%eval -180,16] [%emt 0:01:06] (Rh4) } 39.Ra6
{ [%eval 385,17] [%emt 0:00:22] (Ra6) } 39...h4
{ [%eval -190,15] [%emt 0:01: 35] (g5) } 40.a4
{ [%eval 387,16] [%emt 0:00:26] (a4) } 40...g5
{ [%eval -190,12] [%emt 0:00:03] (Kf7) } 41.h3
{ [%eval 422,18] [%emt 0:00:44] (a5) } 41...Kf7
{ [%eval -194,18] [%emt 0:03:32] (Kf7) } 42.a5
{ [%eval 454,18] [%emt 0:00:29] (a5) } 42...Ra2
{ [%eval -194,19] [%emt 0:01:03] (Rd2) } 43.Ra8
{ [%eval 518,19] [%emt 0:00:45] (Ra8) } 43...Ke6
{ [%eval -205,18] [%emt 0:01:45] (Ke7) } 44.a6
{ [%eval 520,20] [%emt 0:00:50] (a6) } 44...Kd7
{ [%eval -205,15] [%emt 0:00:52] (Kf7) } 45.a7
{ [%eval 857, 18] [%emt 0:00:26] (a7) } 45...Kc7
{ [%eval -225,16] [%emt 0:00:43] (Kc6) } 46.Re8
{ [%eval 1064,22] [%emt 0:00:51] (Rg8) } 46...Rxa7
{ [%eval -255,17] [%emt 0:00:32] (Rxa7) } 47.Re7+
{ [%eval 1102,22] [%emt 0:00:08] (Re7) } 47...Kb6
{ [%eval -941,25] [%emt 0:03:52] (Kb6) } 48.Rxa7
{ [%eval 1383,26] [%emt 0:00:59] (Rxa7) } 48...Kxa7
{ [%eval -976,24] [%emt 0:01:50] (Kxa7) } 49.Ke2
{ [%eval 1430,29] [%emt 0:00:09] (Ke2) } 49...Kb6
{ [%eval -1053,25] [%emt 0:01:08] (Kb6) } 50.Kf3
{ [%eval 2226,32] [%emt 0:00:31] (Kf3) } 50...Kc5
{ [%eval -1101,24] [%emt 0:00:54] (Kc5) } 1-0

[Event "41st Amateur D7"]
[Site "ChessGUI4"]
[Date "2013.07.03"]
[Round "1.3"]
[White "Butcher 1.64 64-bit"]
[Black "MadChess 1.2"]
[Result "1-0"]
[BlackElo "2200"]
[ECO "B89"]
[EventDate "2013.??.??"]
[TimeControl "40/1500:40/1500:40/1500"]
[WhiteElo "2355"]

{ i5 Quad } 1.e4 c5 2.Nf3 Nc6 3.d4 cxd4 4.Nxd4 Nf6 5.Nc3 d6 6.Bc4 e6 7.Be3 Be7 8.O-O O-O 9.Nb3 a6
{ [%eval 10,11] [%emt 0:00:48] (Bd7) } 10.Be2
{ [%eval 25,11] [%emt 0:00:59] (f4) } 10...Bd7
{ [%eval 9,11] [%emt 0:00:25] (b5) } 11.f4
{ [%eval 32,11] [%emt 0:00:59] (f4) } 11...Qc7
{ [%eval -1,11] [%emt 0:00:49] (b5) } 12.Bf3
{ [%eval 34,11] [%emt 0:00:59] (a3) } 12...Rac8
{ [%eval -4,10] [%emt 0:00:42] (b5) } 13.a3
{ [%eval 37,11] [%emt 0:01:04] (g4) } 13...Na5
{ [%eval -11,10] [%emt 0:01:20] (b5) } 14.Nxa5
{ [%eval 37,11] [%emt 0: 01:03] (Nxa5) } 14...Qxa5
{ [%eval -10,11] [%emt 0:00:34] (Qxa5) } 15.Qe1
{ [%eval 39, 11] [%emt 0:01:02] (Qe1) } 15...Qc7
{ [%eval -14,11] [%emt 0:00:28] (Qc7) } 16.Qf2
{ [%eval 38,12] [%emt 0:01:01] (Rd1) } 16...e5
{ [%eval -14,10] [%emt 0:00:40] (Bd8) } 17.Qg3
{ [%eval 49,11] [%emt 0:00:52] (Rad1) } 17...Qa5
{ [%eval -11,10] [%emt 0:00: 30] (Be6) } 18.Rad1
{ [%eval 43,11] [%emt 0:00:59] (fxe5) } 18...Rxc3
{ [%eval 24,12] [%emt 0:00:45] (exf4) } 19.bxc3
{ [%eval 66,11] [%emt 0:00:58] (bxc3) } 19...Qxc3
{ [%eval 31,11] [%emt 0:00:31] (Qxc3) } 20.Rfe1
{ [%eval 37,11] [%emt 0:00:48] (Bc1) } 20...Re8
{ [%eval 36,10] [%emt 0:00:36] (Bc6) } 21.fxe5
{ [%eval 29,11] [%emt 0:00:49] (fxe5) } 21...dxe5
{ [%eval 21,10] [%emt 0:00:21] (dxe5) } 22.Kh1
{ [%eval 30, 11] [%emt 0:00:48] (Kh1) } 22...Kh8
{ [%eval 57,11] [%emt 0:00:48] (Kh8) } 23.Bd2
{ [%eval 14,11] [%emt 0:00:47] (Bg5) } 23...Qc7
{ [%eval 59,11] [%emt 0:00:30] (Qc7) } 24.Bg5
{ [%eval 47,11] [%emt 0:00:47] (Bc1) } 24...Ba4
{ [%eval 61,11] [%emt 0:01:23] (Ba4) } 25.Bxf6
{ [%eval 43,11] [%emt 0:00:45] (Bxf6) } 25...Bxf6
{ [%eval 38,10] [%emt 0:00:19] (Bxf6) } 26.Bg4
{ [%eval 49,11] [%emt 0:00:45] (Re2) } 26...Bg5
{ [%eval 36,10] [%emt 0:00:28] (h6) } 27.Bd7
{ [%eval 87,12] [%emt 0:00:44] (Qf2) } 27...Bxd7
{ [%eval 8,13] [%emt 0:00:56] (Bxd7) } 28.Qxg5
{ [%eval 87,12] [%emt 0:00: 40] (Qxg5) } 28...Bb5
{ [%eval -3,12] [%emt 0:01:01] (f6) } 29.Rd2
{ [%eval 87,12] [%emt 0:00:43] (Rd2) } 29...Qc3
{ [%eval 5,14] [%emt 0:00:57] (Kg8) } 30.Qe3
{ [%eval 80,14] [%emt 0:00:42] (Qe3) } 30...Qxe3
{ [%eval 19,15] [%emt 0:00:38] (Qxe3) } 31.Rxe3
{ [%eval 78,14] [%emt 0:00:41] (Rxe3) } 31...h5
{ [%eval 6,14] [%emt 0:00:50] (h5) } 32.h3
{ [%eval 76,12] [%emt 0:00:40] (Rf2) } 32...g6
{ [%eval 14,12] [%emt 0:00:52] (Rc8) } 33.g4
{ [%eval 77,13] [%emt 0:00:35] (Rf2) } 33...hxg4
{ [%eval 15,14] [%emt 0: 00:31] (hxg4) } 34.hxg4
{ [%eval 56,14] [%emt 0:00:33] (hxg4) } 34...Kg7
{ [%eval 19, 14] [%emt 0:00:40] (Kg7) } 35.Kg2
{ [%eval 57,12] [%emt 0:00:27] (Kg2) } 35...Bc6
{ [%eval 25,13] [%emt 0:00:35] (Bc6) } 36.Rf2
{ [%eval 49,12] [%emt 0:00:28] (Kg3) } 36...f6
{ [%eval 42,13] [%emt 0:00:47] (Rd8) } 37.Kg3
{ [%eval 72,12] [%emt 0:00:25] (c3) } 37...Rd8
{ [%eval 39,13] [%emt 0:00:28] (Rd8) } 38.Rd3
{ [%eval 58,13] [%emt 0: 00:23] (Rd3) } 38...Rc8
{ [%eval 37,15] [%emt 0:02:15] (Rf8) } 39.Re3
{ [%eval 71,12] [%emt 0:00:21] (Re3) } 39...Rh8
{ [%eval 17,14] [%emt 0:01:07] (Rd8) } 40.Rf1
{ [%eval 53,12] [%emt 0:00:16] (Rf1) } 40...a5
{ [%eval 23,13] [%emt 0:00:33] (Rd8) } 41.Rd1
{ [%eval 65,14] [%emt 0:01:26] (Rd1) } 41...Kf7
{ [%eval 18,15] [%emt 0:01:04] (g5) } 42.Rd6
{ [%eval 37,13] [%emt 0:01:23] (c4) } 42...Ke7
{ [%eval 34,13] [%emt 0:00:41] (Ke7) } 43.Rd1
{ [%eval 30,14] [%emt 0:00:46] (Rd1) } 43...Ke6
{ [%eval 41,15] [%emt 0: 01:33] (Ke6) } 44.Rde1
{ [%eval 30,13] [%emt 0:00:45] (Rde1) } 44...Rd8
{ [%eval 38,16] [%emt 0:02:23] (Rd8) } 45.Rf1
{ [%eval 20,13] [%emt 0:00:46] (Rd3) } 45...Rd7
{ [%eval 50,12] [%emt 0:00:36] (Rd4) } 46.Rf2
{ [%eval 6,13] [%emt 0:00:50] (c3) } 46...Ke7
{ [%eval 45,14] [%emt 0:01:13] (b5) } 47.Rd3
{ [%eval 36,13] [%emt 0:00:49] (Re1) } 47...Bxe4
{ [%eval 58,14] [%emt 0:00:38] (Ke6) } 48.Rxd7+
{ [%eval 69,14] [%emt 0:00:45] (Rxd7) } 48...Kxd7
{ [%eval 40,15] [%emt 0:00:48] (Kxd7) } 49.Rxf6
{ [%eval 67,14] [%emt 0:00:48] (Rxf6) } 49...g5
{ [%eval 28,15] [%emt 0:00:44] (Ke7) } 50.c4
{ [%eval 84,15] [%emt 0:00:47] (c4) } 50...Ke7
{ [%eval 5,16] [%emt 0:00:49] (Ke7) } 51.Rh6
{ [%eval 81,16] [%emt 0:00:47] (Rh6) } 51...Kf7
{ [%eval 0,17] [%emt 0: 01:01] (a4) } 52.Kf2
{ [%eval 91,15] [%emt 0:00:44] (Kf2) } 52...a4
{ [%eval 0,17] [%emt 0:00:36] (a4) } 53.Ke3
{ [%eval 85,16] [%emt 0:00:43] (Ke3) } 53...Bc6
{ [%eval -2,18] [%emt 0:00:59] (Bc6) } 54.Rd6
{ [%eval 92,16] [%emt 0:00:39] (Rh2) } 54...Bg2
{ [%eval -63,17] [%emt 0:00:39] (Bg2) } 55.Rd2
{ [%eval 96,16] [%emt 0:00:38] (Rd2) } 55...Bc6
{ [%eval -87,17] [%emt 0:00:26] (Bc6) } 56.Rf2+
{ [%eval 97,16] [%emt 0:00:38] (Rf2) } 56...Kg6
{ [%eval -72,17] [%emt 0:00:34] (Kg6) } 57.Rf5
{ [%eval 201, 16] [%emt 0:00:38] (Rf5) } 57...e4
{ [%eval -100,16] [%emt 0:00:20] (e4) } 58.Rf2
{ [%eval 170,16] [%emt 0:01:05] (c5) } 58...Bd7
{ [%eval -117,17] [%emt 0:00:50] (Bd7) } 59.Rb2
{ [%eval 192,15] [%emt 0:00:34] (Rb2) } 59...Bc6
{ [%eval -121,16] [%emt 0:00: 16] (Bc6) } 60.Kd4
{ [%eval 240,15] [%emt 0:00:35] (Kd4) } 60...Kf6
{ [%eval -130,17] [%emt 0:00:53] (Kf7) } 61.c5
{ [%eval 247,15] [%emt 0:00:35] (c5) } 61...Ke7
{ [%eval -157,17] [%emt 0:01:03] (Kg6) } 62.Ke5
{ [%eval 270,15] [%emt 0:00:34] (Rf2) } 62...Kd7
{ [%eval -169,15] [%emt 0:00:23] (Kd7) } 63.Rd2+
{ [%eval 313,15] [%emt 0:00: 33] (Re2) } 63...Kc7
{ [%eval -202,16] [%emt 0:00:40] (Kc7) } 64.Kf5
{ [%eval 319,15] [%emt 0:00:30] (Re2) } 64...Bb5
{ [%eval -173,16] [%emt 0:00:33] (Bb5) } 65.Kxe4
{ [%eval 329,15] [%emt 0:00:33] (Kxe4) } 65...Bd7
{ [%eval -198,16] [%emt 0:00:28] (Bd7) } 66.Kf3
{ [%eval 340,15] [%emt 0:00:30] (Kf3) } 66...Be8
{ [%eval -234,16] [%emt 0: 00:20] (Be8) } 67.Re2
{ [%eval 372,15] [%emt 0:00:29] (Re2) } 67...Bc6+
{ [%eval -314, 16] [%emt 0:00:16] (Bc6) } 68.Kg3
{ [%eval 415,16] [%emt 0:00:28] (Kg3) } 68...Bd5
{ [%eval -323,16] [%emt 0:00:16] (Bd5) } 69.Re5
{ [%eval 442,16] [%emt 0:00:27] (Re5) } 69...Kc6
{ [%eval -326,15] [%emt 0:00:06] (Kc6) } 70.Rxg5
{ [%eval 463,15] [%emt 0:00:26] (Rxg5) } 70...Kxc5
{ [%eval -348,14] [%emt 0:00:10] (Kxc5) } 71.Rf5
{ [%eval 461,14] [%emt 0:00:22] (Rf5) } 71...Kc4
{ [%eval -363,14] [%emt 0:00:14] (Kc4) } 72.g5
{ [%eval 473,14] [%emt 0:00:24] (g5) } 72...Be6
{ [%eval -363,13] [%emt 0:00:08] (Be6) } 73.Rf6
{ [%eval 485,13] [%emt 0:00:22] (Rf6) } 73...Bd5
{ [%eval -392,13] [%emt 0:00:15] (Bg8) } 74.g6
{ [%eval 474,13] [%emt 0:00:21] (Kf4) } 74...Kb3
{ [%eval -381,14] [%emt 0:00:20] (b5) } 75.Rf3+
{ [%eval 472,13] [%emt 0:00:21] (Rf5) } 75...Kb2
{ [%eval -404,14] [%emt 0:00:19] (Kb2) } 76.Re3
{ [%eval 477,13] [%emt 0:00:20] (Kf4) } 76...b5
{ [%eval -370,13] [%emt 0:00:14] (b5) } 77.g7
{ [%eval 500,13] [%emt 0:00:19] (Kf4) } 77...Bc4
{ [%eval -387,13] [%emt 0:00:18] (Bc4) } 78.Kf4
{ [%eval 546,13] [%emt 0:00:18] (Kf4) } 78...Bg8
{ [%eval -565,16] [%emt 0:01:06] (Bd5) } 79.Ke5
{ [%eval 623,12] [%emt 0:00:17] (Kg5) } 79...Bh7
{ [%eval -636,16] [%emt 0:00:33] (Bh7) } 80.Kd6
{ [%eval 701,13] [%emt 0:00:18] (Kf6) } 80...Bg8
{ [%eval -618,12] [%emt 0:00:08] (Bg8) } 81.Kc5
{ [%eval 725,14] [%emt 0:00:50] (Ke7) } 81...Bc4
{ [%eval -773,18] [%emt 0:02:17] (Bc4) } 1-0